 Dungeon Sprint DCSS version 0.21-a0-509-gecc5317 (webtiles) character file.

286 HAWKINGL3623 the Thrower (level 6, 0/99 HPs)
             Began as an Ogre Hunter on Nov 30, 2017.
             Succumbed to Sonja's poison
             ... in the Dungeon (Sprint I: "Red Sonja").
             The game lasted 00:01:51 (224 turns).

HAWKINGL3623 the Thrower (Ogre Hunter)               Turns: 224, Time: 00:01:51

Health: 0/99       AC:  3    Str: 22    XL:     6   Next: 30%
Magic:  6/6        EV: 11    Int: 12    God:
Gold:   297        SH:  0    Dex: 11    Spells: 5/5 levels left

rFire    . . .     SeeInvis .   a - +0 short sword
rCold    . . .     Gourm    .   (no shield)
rNeg     . . .     Faith    .   b - +0 robe
rPois    .         Spirit   .   (helmet restricted)
rElec    .         Reflect  .   (no cloak)
rCorr    .         Harm     .   (gloves unavailable)
MR       .....     NoTele   +   (boots unavailable)
Stlth    ..........             (no amulet)
HPRegen  0.26/turn              (no ring)
MPRegen  0.10/turn              (no ring)

@: berserking (expiring), lethally poisoned (0 -> -71), slowed
A: large, unfitting armour, tough skin 1
a: no special abilities


You were in the Dungeon.
You were not hungry.

You visited 1 branch You collected 297 gold pieces.

Inventory:

Hand Weapons
 a - a +0 short sword (weapon)
Missiles
 c - 2 large rocks (quivered)
 d - 2 throwing nets
Armour
 b - a +0 robe (worn)
Wands
 g - a wand of random effects (32)
Scrolls
 k - a scroll of blinking
Potions
 h - a potion of haste
 i - 2 potions of magic
Comestibles
 f - a bread ration


   Skills:
 + Level 5.5 Fighting
 + Level 12.0 Throwing
 + Level 3.6 Dodging
 + Level 0.7 Stealth


You had 5 spell levels left.
You didn't know any spells.

Dungeon Overview and Level Annotations

Branches:
Dungeon (1/1)

Altars:
Cheibriados
Dithmenos
Gozag
Hepliaklqana
Kikubaaqudgha
Ru
Sif Muna
Uskayaw
Vehumet
Wu Jian
Yredelemnul

Shops:
D =

Annotations:
D Sonja


Innate Abilities, Weirdness & Mutations

You are too large for most types of armour.
You have tough skin. (AC +1)


Message History

Sonja closely misses you. x2
Sonja hits you with an uncursed short sword of venom.
* * * LOW HITPOINT WARNING * * *
You are more poisoned.
You barely miss Sonja.
Sonja is heavily wounded.
* * * LOW HITPOINT WARNING * * *
You feel very sick.
Sonja hits you with an uncursed short sword of venom.
* * * LOW HITPOINT WARNING * * *
You are more poisoned.
Sonja hits you but does no damage.
You are more poisoned.
Sonja barely misses you. Sonja closely misses you.
Sonja hits you but does no damage.
You are more poisoned.
Sonja closely misses you.
You barely miss Sonja.
Sonja is heavily wounded.
You die...

################
#<.#..'..#..'..#
#.)').#..)..#..+
#..#####'#####'#
#..# #..#...#:#
#..# ####..##.#
#..# ##'#_.+
#⌠⌠#_.∩..Y+(.._#
####_..__##@.#+#


____ ##K# ### .# .$ .(# .## +# You could see Sonja.

Vanquished Creatures
  Sigmund (D)
  An ogre (D)
  A jelly (D)
  Ijyb (D)
4 creatures vanquished.

Notes
Turn   | Place    | Note
-------+----------+-------------------------------------------
     0 | D        | HAWKINGL3623 the Ogre Hunter began the quest for the Orb.
     0 | D        | Reached XP level 1. HP: 22/22 MP: 1/1
     2 | D        | Noticed Ijyb
     3 | D        | Killed Ijyb
     3 | D        | Reached skill level 6 in Throwing
     3 | D        | Reached XP level 2. HP: 31/31 MP: 2/2
     3 | D        | Reached XP level 3. HP: 37/37 MP: 3/3
     9 | D        | Noticed an ogre
    17 | D        | HP: 1/37 [ogre/giant club (25)]
    19 | D        | Killed an ogre
    19 | D        | Reached skill level 9 in Throwing
    19 | D        | Reached XP level 4. HP: 29/48 MP: 4/4
   155 | D        | Noticed Sigmund
   158 | D        | Killed Sigmund
   158 | D        | Reached skill level 5 in Fighting
   158 | D        | Reached skill level 11 in Throwing
   158 | D        | Reached XP level 5. HP: 57/57 MP: 5/5
   158 | D        | Reached XP level 6. HP: 66/66 MP: 6/6
   176 | D        | Found a deep blue altar of Sif Muna.
   177 | D        | Found an ornate altar of the Wu Jian Council.
   179 | D        | Reached skill level 12 in Throwing
   180 | D        | Found a radiant altar of Vehumet.
   209 | D        | Found Honkia's Jewellery Emporium.
   209 | D        | Found an ancient bone altar of Kikubaaqudgha.
   209 | D        | Found a hazy altar of Hepliaklqana.
   209 | D        | Found a hide-covered altar of Uskayaw.
   209 | D        | Found a basalt altar of Yredelemnul.
   209 | D        | Found an opulent altar of Gozag.
   209 | D        | Found a snail-covered altar of Cheibriados.
   209 | D        | Found a sacrificial altar of Ru.
   209 | D        | Found a shadowy altar of Dithmenos.
   209 | D        | Noticed a yak
   214 | D        | Noticed Sonja
   224 | D        | Succumbed to Sonja's poison

Vault maps used:
D:        dungeon_sprint_1

Skill      XL: |  1  2  3  4  5  6 |
---------------+-------------------+-----
Fighting       | 3 4 5 |  5.5
Throwing       | 6 9 11 12 | 12.0
Dodging        | 2 3 |  3.6
Stealth        | |  0.7

Action                   |  1- 3 |  4- 6 || total
-------------------------+-------+-------++-------
Melee: Short sword       |     1 |     5 ||     6
Throw: Large rock        |     5 |     8 ||    13
  Use: Potion            |     1 |     2 ||     3
Armor: Robe              |       |     1 ||     1
Dodge: Dodged            |     3 |    19 ||    22

Table legend:
 A = Spawn XP
 B = Non-spawn XP
 C = Spawn XP percentage of total XP
 D = Spawn monster count
 E = Non-spawn monster count
 F = Spawn count percentage of total count
 G = Total turns spent on level
                    A         B        C        D         E        F      G
               +---------+---------+-------+---------+---------+-------+---------
         Total |       0 |     409 |   0.0 |       0 |       4 |   0.0 |   224
               +---------+---------+-------+---------+---------+-------+---------
             D |       0 |     409 |   0.0 |       0 |       4 |   0.0 |   224
               +---------+---------+-------+---------+---------+-------+---------
